[Event "Live Chess"]
[Site "Chess.com"]
[Date "2024.06.02"]
[Round "-"]
[White "e4evr"]
[Black "booktrunk"]
[Result "1/2-1/2"]
[WhiteElo "2261"]
[BlackElo "1492"]
[TimeControl "300"]
[EndTime "18:09:51 PDT"]
[Termination "Game drawn by stalemate"]

1. e4 b6 2. Bc4 Bb7 3. Qh5 e6 4.
d3 Nf6 5. Qe2 h6 6. f4 Nc6 7.
Nf3 Na5 8. Nbd2 Nxc4 9. Nxc4 d5 10. exd5 Nxd5 11. Bd2 Be7 12. O-O-O O-O 13. g4 Nf6 14.
Kb1 Bxf3 15. Qxf3 Qd5 16. Qxd5 Nxd5 17. Ne5 Rfd8 18. Nc6 Re8 19. Nxe7+ Nxe7 20. h4 Red8 21. h5 Rd4 22. Be3 Rd7 23. g5 Kh7 24. Rhg1 Rg8 25. c3 Nf5 26. Bc1 c5 27. Kc2 f6 28. g6+ Kh8 29. Rde1 Re8 30. Re4 Nd6 31. Re2 Nf5 32.
Rge1 Ng3 33. Rxe6 Rxe6 34. Rxe6 Rd8 35. d4 cxd4 36. cxd4 Nxh5 37. f5 Kg8 38. d5 Kf8 39. Bd2 Ng3 40. Bb4+ Kg8 41. d6 Nxf5 42. d7 Nd4+ 43. Kd3 Nxe6 44. Ke4 Rxd7 45. Bc3 Nc5+ 46. Kf5 Rd5+ 47. Kf4 Rg5 48. b4 Ne6+ 49. Ke4 Rxg6 50. Kf5 Nf8 51. a4 Rg5+ 52. Kf4 Rg1 53. b5 Rc1 54. Bb2 Rc4+ 55. Kf5 Rxa4 56. Bd4 Rxd4 1/2-1/2

[Event "Live Chess"]
[Site "Chess.com"]
[Date "2024.06.02"]
[Round "-"]
[White "CarmelJane"]
[Black "Dhaydon19"]
[Result "0-1"]
[WhiteElo "2051"]
[BlackElo "2682"]
[TimeControl "300"]
[EndTime "18:10:00 PDT"]
[Termination "Dhaydon19 won by resignation"]

1. e4 c6 2. d4 d5 3. e5 c5 4. dxc5 Nc6 5. Bb5 e6 6. Nf3 Bxc5 7. O-O Ne7 8. a3 Ng6 9. b4 Be7 10. Bb2 Bd7 11. c4 a6 12. cxd5 axb5 13. dxc6 Bxc6 14. Qe2 O-O 15. Nbd2 Qd5 16. Rad1 Rad8 17. Qe3 h6 18. Bd4 Bg5 19. Qc3 Nf4 20. Rfe1 Be7 21. h3 Rd7 22. Nf1 Qc4 23. Qe3 Bg5 24. N1d2 Qa2 25. Nxg5 hxg5 26. Ra1 Qd5 27. Nf3 Nxh3+ 28. gxh3 Qxf3 29. Qxf3 Bxf3 30. Be3 f6 31. Bc5 Re8 32. Re3 Bd5 33.
Bd4 Kf7 34. Rae1 Rh8 35. Rg3 Rh5 36. exf6 gxf6 37. Bc5 Bc6 38. Rge3 e5 39. Rg3 Kg6 40. Be3 f5 41. f4 Rdh7 42. fxe5 g4 43. Bf4 Rxh3 44. Rxh3 Rxh3 45. e6 g3 46. Bxg3 Rxg3+ 47.
Kf2 Rg4 48. e7 0-1

[Event "Live Chess"]
[Site "Chess.com"]
[Date "2024.06.02"]
[Round "-"]
[White "Thebigsqueeze"]
[Black "grillage"]
[Result "1-0"]
[WhiteElo "2278"]
[BlackElo "1856"]
[TimeControl "300"]
[EndTime "18:10:08 PDT"]
[Termination "Thebigsqueeze won on time"]

1. d4 e6 2. c4 Bb4+ 3. Bd2 Bxd2+ 4. Qxd2 Nf6 5. Nc3 d6 6. e4 Qe7 7. g3 e5 8. d5 a5 9. Bg2 Nbd7 10. Nf3 Nc5 11. Qc2 O-O 12. O-O b6 13. b3 Bg4 14.
Ne1 Nfd7 15. f3 Bh5 16. a3 Bg6 17. g4 h5 18. h3 hxg4 19. hxg4 Na6 20. Nd3 Ndc5 21.
Ne1 Qh4 22. Rb1 Qg3 23. b4 axb4 24. axb4 Nd7 25. Nd3 f6 26. Nb5 Kf7 27. Qf2 Qxf2+ 28. Rxf2 Rh8 29. Ra2 Bh7 30. Rba1 Ndb8 31. c5 Ke7 32. Nxc7 Nxc7 33. Rxa8 Nxa8 34. Rxa8 bxc5 35. bxc5 dxc5 36. Nxc5 Rd8 37. Bf1 g6 38. Bb5 f5 39.
Ra7+ Kd6 40. Ne6 Rh8 41. Ng5 Kc5 42. Be2 Bg8 43. Rg7 Na6 44. Rxg6 Nb4 45. gxf5 Kd4 46.
f6 Bh7 47. Nxh7 Rxh7 48. Rg7 Rh8 49. f7 Rf8 50. Kf2 1-0

[Event "Live Chess"]
[Site "Chess.com"]
[Date "2024.06.02"]
[Round "-"]
[White "RichardABates"]
[Black "lyricalschemes"]
[Result "1/2-1/2"]
[WhiteElo "2368"]
[BlackElo "2283"]
[TimeControl "300"]
[EndTime "18:11:03 PDT"]
[Termination "Game drawn by agreement"]

1. d4 Nf6 2. Nf3 e6 3. c4 Bb4+ 4. Bd2 Qe7 5. g3 O-O 6. Bg2 d5 7. O-O Bxd2 8. Qxd2 b6 9. Nc3 Bb7 10. Ne5 Nbd7 11. Nxd7 Qxd7 12. cxd5 Nxd5 13. e4 Ne7 14. Rfd1 Rad8 15. Qe3 Ng6 16. Rac1 a6 17. h4 f5 18. exf5 Bxg2 19. fxg6 Bf3 20. gxh7+ Kxh7 21. Re1 e5 22.
Ne4 exd4 23. Ng5+ Kg8 24. Qd3 Qf5 25. Qxf3 Qxf3 26. Nxf3 Rxf3 27. Rxc7 d3 28. Rd1 d2 29. Rc3 Rf5 30. Kf1 Rfd5 31. Ke2 Re8+ 32. Re3 Red8 33. f4 Kf7 34. g4 Rd4 35. Kf3 Rc8 36. Re2 Rcd8 37.
h5 Rd3+ 38. Kf2 R8d4 39. Re3 Rxf4+ 40. Ke2 Rxe3+ 41. Kxe3 Rxg4 42. Rxd2 Rh4 43. Rd6 Rb4 44. b3 Rb5 45. h6 gxh6 46. Rxh6 Ke7 47. Kd4 Kd7 48.
Kc4 Kc7 49. a4 Rc5+ 50. Kd4 Rc6 51. Rxc6+ Kxc6 52. Kc4 b5+ 53. axb5+ axb5+ 54. Kd4 Kd6 55. b4 Kc6 56. Ke5 Kc7 57. Kd5 Kd7 58. Kc5 Kc7 59. Kxb5 Kb7 60. Kc5 Kc7 61. b5 Kb7 62.
b6 Kb8 63. Kb5 Kb7 1/2-1/2

[Event "Live Chess"]
[Site "Chess.com"]
[Date "2024.06.02"]
[Round "-"]
[White "nigelst"]
[Black "Duke_of_Bebington"]
[Result "1/2-1/2"]
[WhiteElo "1726"]
[BlackElo "1640"]
[TimeControl "300"]
[EndTime "18:11:07 PDT"]
[Termination "Game drawn by stalemate"]

1. e4 e5 2. Nf3 Nf6 3. Nxe5 d6 4. Nf3 Nxe4 5. Bd3 Nf6 6. O-O Be7 7. Re1 O-O 8. c3 d5 9. Bc2 Bg4 10. d4 Nbd7 11. Qd3 Ne4 12. Ne5 Nxe5 13. dxe5 Bf5 14. Qe2 Bc5 15. Be3 Qe7 16. Bb3 Bxe3 17. Qxe3 c6 18. f4 g5 19. g3 Kh8 20. Nd2 gxf4 21.
gxf4 Rg8+ 22. Kh1 Nxd2 23. Qxd2 Be4+ 24. Rxe4 dxe4 25. Qe3 Rg7 26. Qxe4 Rag8 27. Bc2 Qc5 28. Qd4 Qxd4 29. cxd4 Rd8 30. Rd1 Rg4 31. Bb3 Kg7 32. d5 cxd5 33. Rxd5 Rxd5 34. Bxd5 b6 35. f5 Rg5 36.
Be4 Rg4 37. Bd5 Rf4 38. f6+ Kf8 39. Kg2 h6 40. b4 Rxb4 41. e6 fxe6 42. Bxe6 Rf4 43.
f7 Ke7 44. Bb3 a5 45. Kg3 Rf6 46. Kg4 b5 47. Bd5 b4 48. h4 Rxf7 49. Bb3 Rf2 50. Kh5 Rh2 51. Kxh6 Rxh4+ 52. Kg5 Rh2 53. Kf4 Kd6 54.
Ke4 Kc5 55. Kd3 Kb5 56. Kd4 a4 57. Bc4+ Ka5 58. Kc5 Rh5+ 59. Kd4 Rh4+ 60. Kc5 Rxc4+ 61. Kxc4 a3 62. Kb3 Kb5 63. Kc2 Kc4 64. Kb1 Kc3 65. Kc1 b3 66. axb3 Kxb3 67. Kb1 a2+ 68. Ka1 Ka3 1/2-1/2

[Event "Live Chess"]
[Site "Chess.com"]
[Date "2024.06.02"]
[Round "-"]
[White "oscalik"]
[Black "gobbles19"]
[Result "0-1"]
[WhiteElo "2277"]
[BlackElo "2277"]
[TimeControl "300"]
[EndTime "18:12:33 PDT"]
[Termination "gobbles19 won by resignation"]

1. e4 d6 2. d4 Nf6 3. Nc3 g6 4. f4 Bg7 5. Nf3 O-O 6. Bd3 Na6 7. a3 c5 8. e5 Nd7 9. Be3 cxd4 10.
Bxd4 dxe5 11. fxe5 Nac5 12. Bc4 Nb6 13. Ba2 Ne6 14. Be3 Qc7 15. O-O a6 16. Qe1 Nc4 17. Bxc4 Qxc4 18. Qg3 b5 19. Rad1 Bb7 20. Rd7 Bxf3 21.
Rxf3 Rad8 22. Rxe7 Nd4 23. Rf4 Ne2+ 24. Nxe2 Qxe2 25.
h4 Rd1+ 26. Kh2 Rb1 27. Rd7 Bxe5 28. Rd2 Qh5 29. Rd5 Bxf4 0-1

[Event "Live Chess"]
[Site "Chess.com"]
[Date "2024.06.02"]
[Round "-"]
[White "ACM42"]
[Black "MagnersCarlsberg2870"]
[Result "1-0"]
[WhiteElo "2163"]
[BlackElo "1773"]
[TimeControl "300"]
[EndTime "18:12:56 PDT"]
[Termination "ACM42 won by resignation"]

1. e4 c5 2. Nf3 a6 3. d4 cxd4 4. Nxd4 e5 5. Nf3 Nf6 6. Bd3 Bc5 7. O-O Ng4 8. h3 h5 9. a3 Qb6 10. Qe2 Nc6 11. b4 Nd4 12. Nxd4 Bxd4 13. c3 Bxf2+ 14. Rxf2 Nxf2 15. Qxf2 Qxf2+ 16. Kxf2 d6 17. Nd2 Be6 18. Bc4 Rc8 19. Bxe6 fxe6 20. c4 Rf8+ 21. Ke2 Ke7 22. Bb2 Rf4 23. g3 Rf6 24. Rf1 Rcf8 25. Rf3 Rxf3 26.
Nxf3 b6 27. Nh4 Rc8 28. Kd3 Kf6 29. Bc1 g5 30. Ng2 Rd8 31. Be3 d5 32. Bxb6 dxe4+ 33. Kxe4 Rd2 34. Ne3 Ra2 35. c5 Rxa3 36. Bd8+ Kf7 37.
c6 Rc3 38. c7 h4 39. gxh4 gxh4 40. Ng4 Ke8 41. Nxe5 1-0

[Event "Live Chess"]
[Site "Chess.com"]
[Date "2024.06.02"]
[Round "-"]
[White "WelshTiger"]
[Black "e4evr"]
[Result "1-0"]
[WhiteElo "2443"]
[BlackElo "2257"]
[TimeControl "300"]
[EndTime "18:13:34 PDT"]
[Termination "WelshTiger won by resignation"]

1. e4 a6 2. a4 b6 3. d4 Bb7 4. Nc3 e6 5. Nf3 Bb4 6. Bd3 h6 7. Qe2 Nc6 8. Bd2 Nce7 9. O-O Nf6 10. e5 Nh7 11. Ne4 Bxd2 12. Nfxd2 Ng5 13. f4 Nxe4 14. Nxe4 Nf5 15. c3 d5 16. exd6 Nxd6 17. Nxd6+ Qxd6 18. f5 O-O-O 19. fxe6 Rhe8 20. Rxf7 Rxe6 21. Bf5 Re8 22.
Re1 Qd5 23. Qf3 Qd7 24. Bxe6 Rxe6 25. Rf8+ 1-0

[Event "Live Chess"]
[Site "Chess.com"]
[Date "2024.06.02"]
[Round "-"]
[White "StoreySniper"]
[Black "Harry_Li"]
[Result "1-0"]
[WhiteElo "2511"]
[BlackElo "2114"]
[TimeControl "300"]
[EndTime "18:13:54 PDT"]
[Termination "StoreySniper won by resignation"]

1. e4 c5 2. Nf3 d6 3. d4 cxd4 4. Nxd4 Nf6 5. f3 a6 6. c4 e5 7. Nc2 Be7 8. Nc3 O-O 9. Be3 Be6 10. Qd2 Nbd7 11. Nd5 Bxd5 12. cxd5 b5 13. Nb4 Nb8 14. a4 Qa5 15. b3 Bd8 16. Bd3 Bb6 17. Bxb6 Qxb6 18. axb5 a5 19. Nc6 Nxc6 20. dxc6 d5 21. Qf2 d4 22. O-O Ne8 23. f4 Nd6 24. Qe2 exf4 25.
e5 Rae8 26. Bxh7+ Kxh7 27. Qd3+ Kg8 28. exd6 Re3 29. Qc4 d3 30. b4 axb4 31. Ra6 Re4+ 32. Rxb6 Rxc4 33. c7 d2 34. Rc6 Rxc6 35. bxc6 1-0

[Event "Live Chess"]
[Site "Chess.com"]
[Date "2024.06.02"]
[Round "-"]
[White "NAZRIZ1977"]
[Black "NeilDruggan73"]
[Result "1-0"]
[WhiteElo "2130"]
[BlackElo "1774"]
[TimeControl "300"]
[EndTime "18:14:10 PDT"]
[Termination "NAZRIZ1977 won by checkmate"]

1. e4 d6 2. d4 Nf6 3. Nc3 g6 4. f3 Bg7 5. Be3 O-O 6. Qd2 b6 7. O-O-O c5 8. Nge2 Nbd7 9. Bh6 Bb7 10. h4 e5 11.
dxc5 dxc5 12. h5 Qe7 13. Bxg7 Kxg7 14. hxg6 fxg6 15. Qh6+ Kg8 16. Ng3 Qg7 17. Bc4+ Kh8 18. Qh4 a6 19. Bd5 Bxd5 20. Nxd5 Nxd5 21. Rxd5 Nb8 22.
Rxe5 Nc6 23. Re6 Nd4 24. Re7 Rf7 25. Rxf7 Qxf7 26. c3 Rc8 27. cxd4 cxd4+ 28. Kb1 Rc7 29. Qd8+ Kg7 30. Qxd4+ Kg8 31. Rd1 h6 32. Nf1 b5 33. Ne3 h5 34. Nd5 Rc4 35. Nf6+ Kh8 36. Qe5 Qc7 37. Rd8+ Qxd8 38. Nxh5+ Kh7 39. Qg7# 1-0

[Event "Live Chess"]
[Site "Chess.com"]
[Date "2024.06.02"]
[Round "-"]
[White "Crowded_House"]
[Black "Frankie_Badacsonyi"]
[Result "0-1"]
[WhiteElo "1707"]
[BlackElo "2409"]
[TimeControl "300"]
[EndTime "18:14:24 PDT"]
[Termination "Frankie_Badacsonyi won by resignation"]

1. d4 Nf6 2. Bf4 b6 3. e3 Bb7 4. Nf3 e6 5. Bd3 Be7 6. Nbd2 O-O 7. O-O c5 8. c3 cxd4 9. exd4 d6 10. Re1 Nbd7 11.
Qc2 Re8 12. Bg5 Nf8 13. Bb5 N6d7 14. Bxe7 Qxe7 15. Re2 a6 16. Bc4 b5 17. Bb3 Rac8 18.
a3 Nf6 19. Qd1 Qc7 20. Bc2 g6 21. h3 a5 22. Qb1 b4 23. axb4 axb4 24. c4 Bxf3 25.
Nxf3 Qxc4 26. Bd1 Ra8 27. Rxa8 Rxa8 28. Rc2 Qa2 29. Qxa2 Rxa2 30. b3 Ra1 31. Rd2 Ne4 32.
Re2 Nc3 33. Re1 Rxd1 34. Rxd1 Nxd1 35. Ne1 Nc3 36. Nc2 Nd5 37. Kf1 Nd7 38. Ke2 Kf8 39. Kd3 N7b6 40. g3 Ke7 41. f4 Kd7 42. Ke4 f5+ 43. Kd3 Kc6 44. Ke2 Nc3+ 45. Kd3 Kb5 46. g4 Nbd5 47. gxf5 gxf5 0-1

[Event "Live Chess"]
[Site "Chess.com"]
[Date "2024.06.02"]
[Round "-"]
[White "Silverback7829"]
[Black "asingardenof"]
[Result "1-0"]
[WhiteElo "918"]
[BlackElo "626"]
[TimeControl "300"]
[EndTime "18:14:54 PDT"]
[Termination "Silverback7829 won on time"]

1. d4 Nf6 2. Nf3 Nc6 3. Nc3 g6 4. e3 Bg7 5. Bc4 Na5 6. Ne5 O-O 7. Nxf7 Rxf7 8. Bxf7+ Kxf7 9. O-O b6 10. b4 Nc4 11.
Qf3 c6 12. Ne4 d5 13. Ng3 Kg8 14. Re1 Be6 15. c3 b5 16. Rd1 Qc7 17. a4 a5 18.
axb5 cxb5 19. bxa5 Rxa5 20. Rxa5 Nxa5 21. Bd2 Nb3 22. h3 h5 23. Qe2 Qd7 24. Rb1 Nxd2 25. Qxd2 Bf5 26. Ra1 Kh7 27. Nxf5 gxf5 28. Ra6 Ne4 29. Qe1 e6 30. f3 Ng5 31. e4 Qf7 32.
exf5 Qxf5 33. Ra7 Qd3 34. Qf1 Nxf3+ 35. Qxf3 Qd1+ 36. Qf1 Kg6 37. Qxd1 Kf5 38. Qf1+ Ke4 39. Rxg7 1-0

[Event "Live Chess"]
[Site "Chess.com"]
[Date "2024.06.02"]
[Round "-"]
[White "ShanthamGrarks"]
[Black "stevochess11"]
[Result "1-0"]
[WhiteElo "1861"]
[BlackElo "1686"]
[TimeControl "300"]
[EndTime "18:16:05 PDT"]
[Termination "ShanthamGrarks won by checkmate"]

1. d4 Nf6 2. Nc3 d5 3. e4 dxe4 4. f3 c5 5. d5 exf3 6. Nxf3 Bg4 7.
Bg5 Nbd7 8. Be2 g6 9. Bxf6 Nxf6 10. O-O Bg7 11. Ne5 Bxe2 12. Qxe2 O-O 13. Rad1 Qd6 14. Nb5 Qa6 15. c4 Rac8 16. a3 Nh5 17. Nd7 Rfe8 18. Qf3 Nf6 19. Ne5 Qb6 20. g4 a6 21.
g5 axb5 22. gxf6 exf6 23. Ng4 bxc4 24. d6 Rcd8 25. Nxf6+ Bxf6 26. Qxf6 Rf8 27. Rfe1 Qc6 28. Re7 Qa4 29. Rf1 Rd7 30. h4 Qc6 31. h5 Qxd6 32.
Qxd6 Rxd6 33. Rxb7 gxh5 34. Rc7 Rd5 35. a4 f5 36. Kh2 Ra8 37. Rg1+ Kf8 38. Rgg7 Rd2+ 39. Kh3 Rxb2 40. Rxh7 Kg8 41. Rcg7+ Kf8 42. Rf7+ Ke8 43. Rxf5 Rxa4 44. Rxc5 Ra3+ 45. Kh4 Rh2+ 46. Kg5 Rg2+ 47. Kf4 Rf2+ 48. Ke4 Ra8 49. Rxc4 Rh2 50. Rh8+ Kd7 51. Rxa8 Rh4+ 52. Kd3 Rh3+ 53. Ke2 h4 54. Rh8 Rh2+ 55. Kf3 h3 56. Rch4 Ra2 57. Rxh3 Ra3+ 58. Ke2 Ra2+ 59.
Kd1 Ra1+ 60. Kc2 Ra2+ 61. Kb3 Rf2 62. R8h6 Rf4 63. Rg3 Ke7 64. Rg7+ Kf8 65. Ra7 Rf3+ 66. Kc4 Rf4+ 67. Kd5 Kg8 68. Rb6 Rf5+ 69. Ke4 Rf8 70. Rbb7 Re8+ 71. Kf5 Kh8 72. Kg6 Rg8+ 73. Kh6 Rc8 74.
Rh7+ Kg8 75. Rag7+ Kf8 76. Rh8# 1-0

[Event "Live Chess"]
[Site "Chess.com"]
[Date "2024.06.02"]
[Round "-"]
[White "lyricalschemes"]
[Black "nigelst"]
[Result "0-1"]
[WhiteElo "2239"]
[BlackElo "1741"]
[TimeControl "300"]
[EndTime "18:16:20 PDT"]
[Termination "nigelst won by resignation"]

1. e4 c6 2. d4 d5 3. Nc3 dxe4 4. Nxe4 Bf5 5. Ng3 Bg6 6. h4 h6 7. Nf3 Nd7 8. h5 Bh7 9. Bd3 Bxd3 10. Qxd3 e6 11.
Bf4 Qa5+ 12. c3 Ngf6 13. Ne5 Nxe5 14. Bxe5 Be7 15. O-O O-O 16. f4 Ng4 17. b4 Qd8 18. Qe2 Nxe5 19. fxe5 Rc8 20. Ne4 Qd5 21. Qg4 b6 22. Nf6+ Bxf6 23. exf6 g6 24. hxg6 Qg5 25. gxf7+ Kxf7 26. Qe4 Qg6 27. Qxg6+ Kxg6 28. Rae1 Rxf6 29. Rxf6+ Kxf6 30. Re5 Rg8 31. Kf2 Rg5 32. Rxg5 Kxg5 33. c4 Kf4 34. b5 cxb5 35. c5 bxc5 36. dxc5 Ke5 37. c6 Kd6 0-1

[Event "Live Chess"]
[Site "Chess.com"]
[Date "2024.06.02"]
[Round "-"]
[White "Duke_of_Bebington"]
[Black "Thebigsqueeze"]
[Result "0-1"]
[WhiteElo "1640"]
[BlackElo "2278"]
[TimeControl "300"]
[EndTime "18:16:22 PDT"]
[Termination "Thebigsqueeze won by resignation"]

1. e4 e6 2. d4 d5 3. Nd2 Nf6 4. Bd3 c5 5. c3 Nc6 6. e5 Nd7 7.
Ne2 cxd4 8. cxd4 f6 9. Nf4 Nxd4 10. Qh5+ Ke7 11. Ng6+ hxg6 12. exf6+ Nxf6 13. Qxh8 Kf7 14. O-O e5 15. Qh4 e4 16. Bb1 Bd6 17. Re1 Be6 18. Nf1 Rc8 19. Bg5 Nf5 20. Qh3 Qb6 21. Qb3 Qc7 22. Ne3 Bxh2+ 23. Kf1 d4 24. Bxf6 Bxb3 25. axb3 dxe3 26. Bc3 exf2 27. Kxf2 0-1

[Event "Live Chess"]
[Site "Chess.com"]
[Date "2024.06.02"]
[Round "-"]
[White "MaksymYurii"]
[Black "Dhaydon19"]
[Result "0-1"]
[WhiteElo "970"]
[BlackElo "2682"]
[TimeControl "300"]
[EndTime "18:16:49 PDT"]
[Termination "Dhaydon19 won by checkmate"]

1. e4 c6 2. Nf3 d5 3. exd5 cxd5 4. d4 Nc6 5. Nc3 Bg4 6. Be2 e6 7. Ne5 Bxe2 8. Qxe2 Nxd4 9. Qd3 Nc6 10. Bf4 Bd6 11.
Qb5 Qc7 12. Nxc6 bxc6 13. Bxd6 Qxd6 14. Qb7 Rb8 15. Qxa7 Nf6 16. O-O Rxb2 17. Rab1 Rxb1 18. Rxb1 O-O 19. Ne2 Qe5 20. Ng3 h5 21. h3 h4 22.
Nf1 Qc3 23. Qa4 Ne4 24. f3 Qc5+ 25. Kh1 Nc3 26. Qxh4 Nxb1 27. Ng3 Qf2 28. Qg4 Qe1+ 29.
Kh2 Qe5 30. Kh1 Nd2 31. Nh5 Nf1 32. Kg1 Ne3 33. f4 Qa1+ 34. Kh2 Nxg4+ 35. hxg4 g6 36. Ng3 Qd4 37. f5 Qf4 38. Kh3 Kg7 39. Kh4 Rh8+ 40. Nh5+ Rxh5# 0-1

[Event "Live Chess"]
[Site "Chess.com"]
[Date "2024.06.02"]
[Round "-"]
[White "KeithArkell"]
[Black "Tushinskiy"]
[Result "1-0"]
[WhiteElo "2450"]
[BlackElo "2259"]
[TimeControl "300"]
[EndTime "18:17:08 PDT"]
[Termination "KeithArkell won by resignation"]

1. d4 d5 2. Nf3 c6 3. c4 e6 4. cxd5 exd5 5. Nc3 Nf6 6. Qc2 Be7 7. Bg5 O-O 8. e3 Nbd7 9. Bd3 Re8 10. O-O Nf8 11.
Bxf6 Bxf6 12. b4 Bg4 13. Nd2 Rc8 14. Bf5 Bxf5 15. Qxf5 Qd6 16. Rab1 b6 17. Rfc1 Ne6 18. b5 Red8 19. bxc6 Rxc6 20. Ne2 Rdc8 21. Rxc6 Rxc6 22. g3 h6 23. Kg2 Rc7 24. Rb3 Be7 25. Rc3 g6 26. Qc2 Rxc3 27. Qxc3 Bf6 28. Qb3 Kg7 29. Nc3 Nc7 30. Nb5 Nxb5 31. Qxb5 h5 32. Nb1 h4 33.
Nc3 hxg3 34. hxg3 Bd8 35. Qxd5 Qb4 36. Ne4 Be7 37. Qe5+ Kg8 38. Qc7 a5 39. Nc3 Bd6 40. Qd8+ Bf8 41. Nd5 Qb5 42. Nxb6 Qc6+ 43. Nd5 a4 44.
Kg1 Qc1+ 45. Kg2 Qc6 46. e4 Qc2 47. Nf6+ Kg7 48. Ne8+ Kg8 49. Qd5 Be7 50. Qb7 Kf8 51. Qa8 a3 52. e5 Bd8 53. Qxd8 Qc6+ 54. Kg1 1-0

[Event "Live Chess"]
[Site "Chess.com"]
[Date "2024.06.02"]
[Round "-"]
[White "NAZRIZ1977"]
[Black "StoreySniper"]
[Result "0-1"]
[WhiteElo "2128"]
[BlackElo "2513"]
[TimeControl "300"]
[EndTime "18:17:46 PDT"]
[Termination "StoreySniper won by resignation"]

1. e4 g6 2. Nf3 Bg7 3. c3 c5 4. Be2 Nc6 5. O-O d5 6. exd5 Qxd5 7. h3 Nf6 8. Na3 O-O 9. Nb5 Qd7 10. a4 a6 11. Na3 e5 12. Nc4 Qc7 13. a5 Be6 14.
Nb6 Rad8 15. Ng5 Nxa5 16. Nxe6 fxe6 17. Nc4 Nc6 18. Ne3 Nd5 19. Qa4 Nf4 20. Bf3 Nxh3+ 21.
gxh3 Rxf3 22. Kg2 Rdf8 0-1

[Event "Live Chess"]
[Site "Chess.com"]
[Date "2024.06.02"]
[Round "-"]
[White "MagnersCarlsberg2870"]
[Black "e4evr"]
[Result "1-0"]
[WhiteElo "1788"]
[BlackElo "2242"]
[TimeControl "300"]
[EndTime "18:19:11 PDT"]
[Termination "MagnersCarlsberg2870 won by checkmate"]

1. d4 a5 2. e4 h5 3. Bc4 e6 4. f4 d6 5. Nf3 c6 6. Nc3 b5 7. Bd3 b4 8. Ne2 f6 9. e5 f5 10. exd6 Bxd6 11. Ne5 Bxe5 12. fxe5 a4 13. Nf4 g5 14.
Nh3 g4 15. Ng5 Qxd4 16. Qe2 Ba6 17. Be3 Qxe5 18. Bxa6 Nxa6 19. O-O Nf6 20. Qf2 c5 21. Rae1 O-O 22. Bf4 Qd4 23. Be3 Qxb2 24. Nxe6 Ne4 25. Qf4 Rf6 26. Bc1 Qxa2 27. Rxe4 Rxe6 28. Qg5+ Kh7 29.
Qxh5+ Rh6 30. Re7+ Kg8 31. Qxh6 Qf7 32. Rxf7 Kxf7 33. Rxf5+ Ke7 34. Qf6+ Kd7 35. Qf7+ Kc6 36. Qd5+ Kb5 37. Qxa8 a3 38. Qb7+ Ka5 39. Rf6 b3 40. Qxa6+ Kb4 41. Bd2# 1-0

[Event "Live Chess"]
[Site "Chess.com"]
[Date "2024.06.02"]
[Round "-"]
[White "grillage"]
[Black "CarmelJane"]
[Result "1/2-1/2"]
[WhiteElo "1860"]
[BlackElo "2047"]
[TimeControl "300"]
[EndTime "18:19:25 PDT"]
[Termination "Game drawn - insufficient material"]

1. d4 b6 2. Nf3 Bb7 3. g3 g6 4.
Bg2 Bg7 5. O-O d6 6. c4 Nd7 7.
Nc3 e6 8. Bg5 Ne7 9. Qd2 h6 10.
Be3 Nf5 11. Rfd1 Nxe3 12. Qxe3 O-O 13. Rac1 Nf6 14. Qd2 Rc8 15. e3 Ne4 16. Nxe4 Bxe4 17. b3 Qf6 18. Ne1 Bxg2 19. Kxg2 c5 20. d5 exd5 21.
Qxd5 Qe5 22. Qxe5 dxe5 23. e4 f5 24. f3 fxe4 25. fxe4 Bf6 26. Rd5 Bg5 27. Rcd1 Be3 28. Nf3 Bd4 29. Rf1 Rce8 30. Rd7 g5 31. Rxa7 g4 32. Nh4 Rxf1 33. Kxf1 Rf8+ 34. Nf5 b5 35. cxb5 c4 36. Rg7+ Kh8 37. bxc4 Rxf5+ 38. exf5 Kxg7 39. Ke2 Kf6 40. Kd3 Kxf5 41. a4 Bb6 42. Kc3 e4 43. Kb4 e3 44. Kc3 e2 45. Kd2 Ke4 46. Kxe2 Kd4 47.
Kd2 Kxc4 48. Kc2 Kb4 49. Kd3 Kxa4 50. Ke4 Bg1 51. Kf4 Bxh2 52. b6 Bg1 53. b7 Ba7 54. Kxg4 Bb8 55. Kh4 Kb5 56. g4 Kb6 57. Kh5 Kxb7 58.
Kxh6 Be5 59. g5 Ba1 60. g6 Kc7 61. g7 Bxg7+ 1/2-1/2

[Event "Live Chess"]
[Site "Chess.com"]
[Date "2024.06.02"]
[Round "-"]
[White "Cruiseylee78"]
[Black "booktrunk"]
[Result "0-1"]
[WhiteElo "1655"]
[BlackElo "1504"]
[TimeControl "300"]
[EndTime "18:19:48 PDT"]
[Termination "booktrunk won by checkmate"]

1. d4 e6 2. Bf4 Nf6 3. e3 h6 4. Nf3 Nh5 5. Bg3 Nxg3 6. hxg3 Bd6 7. Bd3 Nc6 8. c3 a6 9. Qc2 Ne7 10. Nbd2 b6 11. O-O-O Bb7 12. Rh2 c5 13. Ne5 cxd4 14. exd4 Rc8 15. Kb1 Nc6 16. Nxc6 Rxc6 17. Re1 b5 18. d5 Rc7 19. dxe6 dxe6 20. f4 g5 21. f5 Bxg3 22. fxe6 Bxe1 23. exf7+ Kxf7 24. Bg6+ Kf8 25. Qf5+ Ke7 26. Qe5+ Kf8 27. Qxe1 Qe7 28. Qf1+ Kg7 29.
Qd3 Rd8 30. Qh3 Qe1+ 31. Kc2 Qxd2+ 32. Kb3 Rh8 33. g4 Qd5+ 34. Ka3 Qc5+ 35. b4 Qxc3+ 36.
Qxc3+ Rxc3+ 37. Kb2 Rc4 38. Bd3 Rxb4+ 39. Kc3 Rxg4 40. Bf5 Rf4 41. Be6 Re8 42. Bb3 Rc8+ 43. Kb2 Rf5 44. a3 Bd5 45. Bxd5 Rxd5 46. Re2 Rc7 47.
Re8 h5 48. a4 bxa4 49. Ra8 Rd6 50. Rb8 Rdd7 51. Rb4 Rb7 52. Rxb7 Rxb7+ 53. Ka3 h4 54. Kxa4 h3 55. Ka5 h2 56. Kxa6 Rb2 57. Ka5 h1=Q 58. Ka4 Qa1# 0-1

[Event "Live Chess"]
[Site "Chess.com"]
[Date "2024.06.02"]
[Round "-"]
[White "Crowded_House"]
[Black "oscalik"]
[Result "0-1"]
[WhiteElo "1706"]
[BlackElo "2278"]
[TimeControl "300"]
[EndTime "18:20:25 PDT"]
[Termination "oscalik won by checkmate"]

1. d4 Nf6 2. Bg5 Ne4 3. Bh4 c5 4. dxc5 Qa5+ 5. c3 Qxc5 6. Nd2 Nxd2 7. Qxd2 d6 8. Nf3 Nc6 9. e3 g6 10. Bd3 Bg7 11. O-O O-O 12. Nd4 Bd7 13. Nxc6 Bxc6 14. Bxe7 Rfe8 15. Bh4 h5 16. Bg3 Qg5 17. f4 Qd5 18. Rf2 Re7 19. c4 Qc5 20. b4 Qxe3 21.
Qxe3 Rxe3 22. Rd1 Ba4 23. Rdd2 Bc3 24. Rde2 Rxd3 25. Re7 Bd4 26. Rxb7 Rd1# 0-1

[Event "Live Chess"]
[Site "Chess.com"]
[Date "2024.06.02"]
[Round "-"]
[White "Duke_of_Bebington"]
[Black "lyricalschemes"]
[Result "1/2-1/2"]
[WhiteElo "1647"]
[BlackElo "2218"]
[TimeControl "300"]
[EndTime "18:21:09 PDT"]
[Termination "Game drawn by agreement"]

1. e4 Nf6 2. e5 Nd5 3. c4 Nb6 4. d4 d6 5. f4 dxe5 6. fxe5 Nc6 7. Nf3 Bg4 8. Be3 Bxf3 9. gxf3 e6 10. Nc3 Qd7 11. Qd2 O-O-O 12. O-O-O Bb4 13. a3 Be7 14. Qc2 Na5 15. Na2 Qc6 16. Nb4 Bxb4 17. axb4 Naxc4 18. Bxc4 Nxc4 19. Bf2 Qb5 20. Rd3 Nxe5 21.
Rc3 Nc6 22. Rd1 Rd5 23. Rc5 Qxc5 24. bxc5 Rhd8 25. Qc3 e5 1/2-1/2

[Event "Live Chess"]
[Site "Chess.com"]
[Date "2024.06.02"]
[Round "-"]
[White "ShanthamGrarks"]
[Black "asingardenof"]
[Result "1-0"]
[WhiteElo "1861"]
[BlackElo "626"]
[TimeControl "300"]
[EndTime "18:22:00 PDT"]
[Termination "ShanthamGrarks won by resignation"]

1. d4 Nf6 2. Nc3 g6 3. e4 Bg7 4. e5 Ng8 5. f4 e6 6. Nf3 b6 7. Bd3 f5 8. exf6 Bxf6 9. Ne5 Bb7 10. Nxg6 hxg6 11. Bxg6+ Kf8 12. Qg4 Bxd4 13. h4 Ne7 14.
Be4 Bxe4 15. Nxe4 Rg8 16. Qh5 Nbc6 17. Ng5 Ng6 18. Qh6+ Ke8 19. Qh7 Rf8 20. Qxg6+ Ke7 21. Qh7+ Rf7 22. Qxf7+ Kd6 23. Ne4+ Kd5 24. Qg6 Ne5 25.
fxe5 Bxe5 26. Bg5 Qg8 27. O-O-O+ Kc6 28. Qh5 Qf8 29. Rhf1 Qb4 30. Nc3 Qxb2+ 31. Kxb2 1-0

[Event "Live Chess"]
[Site "Chess.com"]
[Date "2024.06.02"]
[Round "-"]
[White "Mikhail_Golubev"]
[Black "gobbles19"]
[Result "0-1"]
[WhiteElo "2570"]
[BlackElo "2293"]
[TimeControl "300"]
[EndTime "18:22:21 PDT"]
[Termination "gobbles19 won on time"]

1. e4 d6 2. f4 g6 3. d4 Bg7 4. c4 Nf6 5. Nc3 Na6 6. Nf3 c5 7. d5 O-O 8. Bd3 Nc7 9. O-O e6 10. h3 exd5 11. exd5 Rb8 12. a4 Na6 13. Ra3 Nb4 14. Bb1 b6 15. g4 Re8 16. f5 Ba6 17.
Nb5 Qd7 18. Bf4 Bxb5 19. axb5 Re4 20. Bxe4 Nxe4 21. fxg6 hxg6 22. Re3 Re8 23. b3 Na2 24. Kg2 Nac3 25. Qe1 f5 26. gxf5 Qxf5 27. Bxd6 Rd8 28. Bh2 Ng5 29. Nxg5 Qxg5+ 30. Rg3 Qh5 31. Rxc3 Bxc3 32.
Qxc3 Qg5+ 33. Kh1 Re8 34. Rg1 Qf5 35. Qg3 Qe4+ 36. Rg2 Kh7 37. Bg1 Re5 38. d6 Re6 39. d7 Re5 0-1